 Dungeon Crawl Stone Soup version 0.23.0 (webtiles) character file.

Game seed: 2852146868061744478

2831 wolfsongas the Fighter (level 9, -1/63 HPs)
             Began as a Gargoyle Gladiator on Feb 16, 2019.
             Was a Believer of Okawaru.
             Slain by a freezing wraith (6 damage)
             ... led by a death knight
             ... on level 7 of the Dungeon.
             The game lasted 00:14:51 (7501 turns).

wolfsongas the Fighter (Gargoyle Gladiator)         Turns: 7501, Time: 00:14:51

Health: -1/63      AC: 18    Str: 29    XL:     9   Next: 73%
Magic:  0/9        EV: 12    Int:  9    God:    Okawaru [**....]
Gold:   286        SH:  0    Dex: 11    Spells: 8/8 levels left

rFire    . . .     SeeInvis .   h - +1 spear (venom)
rCold    . . .     Gourm    .   (no shield)
rNeg     + + .     Faith    .   r - +1 ring mail of Emmaej {-Tele Str+8 Slay+5}
rPois    ∞         Spirit   +   c - +2 helmet
rElec    +         Reflect  .   y - +0 cloak
rCorr    .         Harm     .   (no gloves)
MR       .....     NoTele   +   (no boots)
Stlth    +.........             e - amulet of guardian spirit
HPRegen  0.20/turn              j - ring of positive energy
MPRegen  0.11/turn              m - ring of wizardry

@: slowed, very slow
A: negative energy resistance 1, electricity resistance, unbreathing,
petrification resistance, rot immunity, AC +6
a: Heroism, Renounce Religion


You were on level 7 of the Dungeon.
You worshipped Okawaru.
Okawaru was pleased with you.
You were not hungry.

You visited 1 branch of the dungeon, and saw 8 of its levels.
You also visited: Sewer.

You collected 484 gold pieces.
You spent 198 gold pieces at shops.

Inventory:

Hand Weapons
 h - a +1 spear of venom (weapon)
 x - a +5 flail of holy wrath
Armour
 c - a +2 helmet (worn)
 l - a +0 chain mail
 r - the +1 ring mail of Emmaej (worn) {-Tele Str+8 Slay+5}
   (You bought it in a shop on level 5 of the Dungeon)

   It affects your strength (+8).
   It affects your accuracy and damage with ranged weapons and melee attacks
   (+5).
   It prevents most forms of teleportation.
 y - a +0 cloak (worn)
Jewellery
 e - an amulet of guardian spirit (around neck)
 j - a ring of positive energy (left hand)
 m - a ring of wizardry (right hand)
 q - an uncursed amulet of harm {unknown}
Scrolls
 a - a scroll of fog {unknown}
 i - a scroll of enchant armour
 p - 4 scrolls of teleportation
 v - a scroll of enchant weapon
 z - a scroll of amnesia
Potions
 g - a potion of cancellation
 k - 2 potions of invisibility
 o - a potion of brilliance
 t - a potion of magic {unknown}
 u - 2 potions of curing
 w - a potion of haste {unknown}
Comestibles
 f - 10 rations


   Skills:
 + Level 10.7 Fighting
 - Level 3.0 Maces & Flails
 * Level 6.1 Polearms
 - Level 1.7 Throwing
 + Level 5.7 Armour
 - Level 2.4 Dodging


You had 8 spell levels left.
You didn't know any spells.
Your spell library contained the following spells:

 Spells                   Type           Power        Failure   Level  Hunger
 Animate Skeleton         Necr           N/A          22%         1    ##.....
 Apportation              Tloc           #.....       22%         1    ##.....
 Confusing Touch          Hex            #.....       22%         1    ##.....
 Corona                   Hex            #......      22%         1    ##.....
 Summon Small Mammal      Summ           #...         22%         1    ##.....
 Ensorcelled Hibernation  Hex/Ice        #.....       32%         2    ###....
 Confuse                  Hex            #.......     52%         3    ####...
 Dazzling Spray           Conj/Hex       #.....       52%         3    ####...
 Tukima's Dance           Hex            #.......     52%         3    ####...


Dungeon Overview and Level Annotations

Branches:
Dungeon (8/15)             Temple (0/1) D:7
   Lair: D:8-11

Altars:
Gozag
Okawaru
Qazlal
Zin

Shops:
D:5 *   D:6 [


Innate Abilities, Weirdness & Mutations

You are resistant to torment.
Your stone body is resilient. (AC +6)
You are immune to poison.
You resist negative energy. (rN+)
You are resistant to electric shocks. (rElec)
You can survive without breathing.
You are immune to petrification.
You are immune to rotting.


Message History

You assume a fearsome visage.
The freezing wraith is unaffected.
The wraith is unaffected.
You feel like a meek peon again. The wraith barely misses you.
The freezing wraith hits you but does no damage.
The freezing wraith closely misses you. The wraith hits you.
* * * LOW HITPOINT WARNING * * *
The wraith drains your vigour!
You feel as though you will be slow longer.
As you read the scroll labeled MYKOEPHAKKY, it crumbles to dust.
The dust glows brilliant ochre!
It was a scroll of random uselessness.
The freezing wraith hits you but does no damage.
The freezing wraith hits you.
* * * LOW HITPOINT WARNING * * *
The freezing wraith drains your vigour!
You feel as though you will be slow longer.
The wraith barely misses you.
The freezing wraith hits you but does no damage.
The freezing wraith hits you.
You die...

##..## #####..# ##..##
##.# ## ##..## #..
.######..## ##.
....##..## ## #......## #
#.....## ################
# ##.....#
#....†.........# #.....#
#.....@........#
#<....####.....WW...<...#
##.....##...............#
#.....##...............#
##....##...............#
#.....#...............#
#.....#...............#
##......[.............#
#.......[...........## #


You could see a freezing wraith and a wraith.

Vanquished Creatures
  Edmund (D:6)
  A water moccasin (D:6)
  Purgy (Sewer)
  2 ogres (D:4)
  2 wolves (D:8)
  4 centaurs
  2 big kobolds (D:7)
  2 bullfrogs
  A scorpion (D:5)
  6 killer bees (D:7)
  A howler monkey (D:4)
  A wight (D:8)
  A centaur zombie (D:5)
  4 crimson imps
  3 orc priests
  6 hounds
  A jelly (D:5)
  A gnoll shaman (D:5)
  A centaur skeleton (D:6)
  4 orc wizards
  3 bullfrog skeletons
  An iguana (D:5)
  Terence (D:3)
  6 worker ants
  A hound zombie (D:7)
  A hound skeleton (D:6)
  A worker ant zombie (D:5)
  5 gnolls (D:5)
  8 adders
  2 river rats (D:6)
  An ooze (D:2)
  2 adder skeletons
  3 worms
  A dart slug (D:5)
  6 leopard geckos
  14 orcs
  4 ball pythons
  15 bats
  3 giant cockroaches
  13 goblins
  8 hobgoblins
  6 jackals
  2 quokkas
  4 frilled lizards
  13 kobolds
  6 rats
175 creatures vanquished.

Notes
Turn   | Place    | Note
-------+----------+-------------------------------------------
     0 | D:1      | wolfsongas the Gargoyle Gladiator began the quest for the
                  | Orb.
     0 | D:1      | Reached XP level 1. HP: 12/12 MP: 1/1
   134 | D:1      | Reached XP level 2. HP: 17/18 MP: 2/2
   136 | D:1      | Reached skill level 3 in Fighting
   573 | D:2      | Reached XP level 3. HP: 16/24 MP: 3/3
   829 | D:1      | Reached skill level 4 in Fighting
  1283 | D:2      | Reached XP level 4. HP: 30/30 MP: 4/4
  1841 | D:3      | Reached skill level 5 in Fighting
  1856 | D:3      | Reached skill level 1 in Polearms
  2084 | D:3      | Noticed Terence
  2092 | D:3      | Killed Terence
  2092 | D:3      | Reached XP level 5. HP: 35/35 MP: 5/5
  2718 | D:4      | Noticed an ogre
  2735 | D:4      | Killed an ogre
  2735 | D:4      | Reached skill level 6 in Fighting
  2735 | D:4      | Reached XP level 6. HP: 17/41 MP: 3/6
  3238 | D:4      | Reached skill level 7 in Fighting
  3238 | D:4      | Reached XP level 7. HP: 32/48 MP: 5/7
  3625 | D:4      | Reached skill level 1 in Armour
  3902 | D:5      | Entered Level 5 of the Dungeon
  4385 | D:5      | Reached skill level 8 in Fighting
  4592 | D:5      | Found Toatwiad's Assorted Antiques.
  4601 | D:5      | Reached XP level 8. HP: 54/54 MP: 8/8
  4625 | D:5      | Bought a steaming ring mail for 198 gold pieces
  5333 | D:6      | Identified the cursed +1 ring mail of Emmaej {-Tele Str+8
                  | Slay+5} (You bought it in a shop on level 5 of the Dungeon)
  5334 | D:6      | Reached skill level 9 in Fighting
  5395 | D:6      | Found an iron altar of Okawaru.
  5408 | D:6      | Became a worshipper of Warmaster Okawaru
  5448 | D:6      | Found a glowing drain.
  5453 | Sewer    | Entered a sewer
  5477 | Sewer    | Noticed Purgy
  5483 | Sewer    | Killed Purgy
  5719 | D:6      | Found a stormy altar of Qazlal.
  5798 | D:6      | Found Geathet's Armour Boutique.
  5892 | D:6      | Noticed Edmund
  5906 | D:6      | Killed Edmund
  5906 | D:6      | Reached XP level 9. HP: 61/62 MP: 9/9
  6021 | D:6      | Found a glowing silver altar of Zin.
  6021 | D:6      | Found an opulent altar of Gozag.
  6388 | D:7      | Reached skill level 5 in Polearms
  6583 | D:7      | Reached skill level 10 in Fighting
  6636 | D:7      | Found a staircase to the Ecumenical Temple.
  6649 | D:7      | Reached * piety under Okawaru
  6692 | D:7      | Reached skill level 5 in Armour
  7337 | D:8      | Reached ** piety under Okawaru
  7471 | D:8      | Noticed a freezing wraith
  7475 | D:8      | Noticed a death knight
  7475 | D:8      | Noticed a phantasmal warrior
  7501 | D:7      | Slain by a freezing wraith

Skill      XL: |  1  2  3  4  5  6  7  8  9 |
---------------+----------------------------+-----
Fighting       | 3 4 5 6 7 8 9 10 | 10.7
Polearms       | 1 2 3 4 6 |  6.1
Armour         | 2 4 5 |  5.7
Maces & Flails | |  3.0
Throwing       | |  1.7
Dodging        | |  2.4

Action                   |  1- 3 |  4- 6 |  7- 9 || total
-------------------------+-------+-------+-------++-------
Melee: Flail             |    86 |       |       ||    86
       Spear             |    19 |   158 |   396 ||   573
Invok: Heroism           |       |       |     1 ||     1
  Use: Scroll            |     2 |     7 |    10 ||    19
       Potion            |       |       |     3 ||     3
  Eat: Ration            |     1 |     2 |     4 ||     7
Armor: Leather armour    |    59 |     1 |       ||    60
       Chain mail        |       |    92 |   126 ||   218
       Ring mail         |       |       |   128 ||   128
       Skin              |       |       |     2 ||     2
Dodge: Dodged            |   153 |    56 |   220 ||   429
